 Dungeon Crawl Stone Soup version 0.27-a0-1525-g1038ab4fd7 (webtiles) character file.

Game seed: 160576769586077617

17885 dickylongcocking the Fighter (level 12, -22/84 HPs)
             Began as a Djinni Wanderer on July 10, 2021.
             Was an Elder of Hepliaklqana.
             Annihilated by a very large slime creature (35 damage)
             ... on level 12 of the Dungeon.
             The game lasted 00:26:48 (14011 turns).

dickylongcocking the Fighter (Djinni Wanderer)     Turns: 14011, Time: 00:26:49

Health: -22/84     AC:  7    Str: 10    XL:     12   Next: 88%
Gold:   785        EV: 16    Int: 21    God:    Hepliaklqana [****..] SH:  0 Dex: 14

rFire    + + +     SeeInvis +   C - staff of conjuration
rCold    + + .     Faith    +   (no shield)
rNeg     . . .     Spirit   .   G - +0 troll leather armour
rPois    ∞         Reflect  .   (helmet restricted)
rElec    .         Harm     .   N - scarf {rC+ rF+}
rCorr    .         Rampage  +   u - +1 pair of gloves of the Realm of Zot {Contam Rampage rC++ Dex+2}
Will     +....                  (boots unavailable)
Stlth    +.........             t - amulet of faith
HPRegen  1.24/turn              r - ring of wizardry
MPRegen  0.00/turn              B - ring of see invisible

@: flying
A: reduced essence, sickness immunity, fire resistance 2, cold vulnerability 1,
float, innate caster, hp casting, extra vitality 1, horns 1
a: Renounce Religion, Recall Ancestor, Ancestor Identity, Transference, Idealise


You were on level 12 of the Dungeon.
You worshipped Hepliaklqana.
Hepliaklqana was greatly pleased with you.
You visited 2 branches of the dungeon, and saw 13 of its levels.
You also visited: Sewer and Bailey.

You collected 840 gold pieces.
You spent 55 gold pieces at shops.

Inventory:

Hand Weapons
 a - a +2 hand crossbow
 E - a +5 scimitar
Missiles
 b - 107 bolts
 l - a throwing net (quivered)
 O - 2 curare-tipped darts
Armour
 p - a +0 cloak
 u - the +1 pair of gloves of the Realm of Zot (worn) {Contam Rampage rC++ Dex+2}
   (You acquired it on level 7 of the Dungeon)

   Dex:       It affects your dexterity (+2).
   rC:        It greatly protects you from cold.
   Contam:    It causes magical contamination when unequipped.
   Rampage:   It bestows one free step when moving towards enemies.
 x - a +0 ring mail
 y - a +0 leather armour
 G - a +0 troll leather armour (worn)
 N - a scarf of resistance (worn)
Magical Staves
 k - a staff of fire
 C - a staff of conjuration (weapon)
Jewellery
 r - a ring of wizardry (left hand)
 t - an amulet of faith (around neck)
 B - a ring of see invisible (right hand)
Wands
 g - a wand of charming (7)
 q - a wand of paralysis (9)
 J - a wand of iceblast (8)
Scrolls
 e - 2 scrolls of enchant armour
 i - 6 scrolls of teleportation
 j - 3 scrolls of fog
 n - 3 scrolls of enchant weapon
 o - 3 scrolls of vulnerability
 v - 6 scrolls of magic mapping
 A - 2 scrolls of immolation
 F - a scroll of identify
 H - 2 scrolls of blinking
 I - a scroll of holy word
 L - a scroll of fear
Potions
 c - 2 potions of experience {unknown}
 d - 2 potions of mutation
 f - 4 potions of resistance
 h - 2 potions of might
 m - a potion of heal wounds
 s - 2 potions of haste
 w - a potion of lignification
 z - 3 potions of degeneration
 D - 3 potions of magic {unknown}
 M - a potion of brilliance
 P - a potion of curing


   Skills:
 * Level 11.1 Fighting
 - Level 1.5 Axes
 - Level 2.4 Crossbows
 - Level 6.0 Armour
 * Level 11.0 Dodging
 - Level 1.0 Stealth
 * Level 9.7 Spellcasting
 - Level 1.0 Evocations


You had 10 spell levels left.
You knew the following spells:

 Your Spells              Type           Power      Damage    Failure   Level
a - Foxfire               Conj/Fire      100%       2x1d9     1%          1
b - Inner Flame           Hex/Fire       50%        N/A       1%          3
c - Sting                 Tmut/Pois      100%       1d8       1%          1
d - Sticky Flame          Conj/Fire      66%        2d8       1%          4
e - Freeze                Ice            100%       1d11      1%          1
f - Lesser Beckoning      Tloc           25%        N/A       1%          3
g - Static Discharge      Conj/Air       66%        N/A       1%          2
i - Ignite Poison         Fire/Tmut/Pois 50%        N/A       1%          3
p - Poisonous Vapours     Pois/Air       100%       N/A       1%          2

Your spell library contained the following spells:

 Spells                   Type           Power      Damage    Failure   Level


Dungeon Overview and Level Annotations

Branches:
Dungeon (12/15)            Temple (1/1) D:5            Lair (0/6) D:11
    Orc (0/2) D:11          Sewer (visited)          Bailey (visited)

Altars:
Ashenzari
Cheibriados
Dithmenos
Elyvilon
Fedhas
Gozag
Hepliaklqana
Kikubaaqudgha
Makhleb
Nemelex Xobeh
Okawaru
Qazlal
Ru
Sif Muna
Trog
Uskayaw
Vehumet
Wu Jian
Xom
Yredelemnul
Zin
The Shining One

Shops:
D:6 *   D:7 [   D:11 (   D:12 !


Innate Abilities, Weirdness & Mutations

Your life essence is reduced to manifest your ancestor. (-10% HP)
You are immune to sickness and miasma.
You are immune to poison.
Your flesh is very heat resistant. (rF++)
You are vulnerable to cold. (rC-)
You float through the air rather than walking.
You learn spells naturally, not from books.
Your magical power is your life essence.
You have superior vitality. (+4 HP)
You have a pair of small horns on your head.


Message History

The slime creature is filled with an inner flame.
The slime creature is engulfed in blazing flames.
Flame seeps out of the slime creature.
The slime creature misses you.
Unknown command.
Unknown command.
Unknown command.
Unknown command.
Casting: Inner Flame (safe; 1% risk of failure)
Confirm with . or Enter, or press ? or * to list all spells.
Aiming: Sticky Flame (mildly dangerous; 1% risk of failure)
Press: ? - help, Shift-Dir - straight line, f/p - slime creature
Aim: a slime creature (flame, heavily wounded, inner flame, 100% to hit)
You feel a surge of power!
The sticky flame hits the slime creature.
Flame seeps out of the slime creature.
The slime creature is heavily wounded.
The slime creature is covered in liquid flames!
The slime creature burns!
Flame seeps out of the slime creature.
The slime creature is engulfed in blazing flames.
Flame seeps out of the slime creature.
The slime creature hits you!
Two slime creatures merge to form a large slime creature.
The slime creature is engulfed in blazing flames.
Two slime creatures merge to form a very large slime creature.
Unknown command.
Unknown command.
Unknown command.
Unknown command.
You hit the very large slime creature but do no damage.
The very large slime creature is heavily wounded.
The very large slime creature burns!
Flame seeps out of the very large slime creature.
The very large slime creature stops burning.
The very large slime creature is engulfed in blazing flames.
Flame seeps out of the very large slime creature.
The very large slime creature hits you!!
* * * LOW HITPOINT WARNING * * *
The very large slime creature is engulfed in blazing flames.
Flame seeps out of the very large slime creature.
The very large slime creature hits you!!
You die...

#......# ####+###
#..# ##.# ###'##
#### #....#####
#.. #....'...#
#.# #
#....###.####§#§#
## #....#
#...@J..8# .###
#....#
######☼.§..+
...###....#
#8.<.8#
##...'....#
#.......#
#####....#
##.∩.##.# ######
...# # .>.8 ...##


You could see a very large slime creature (inner flame).

Vanquished Creatures
  An orc warlord (Bailey)
  Snorg (D:11)
  A boulder beetle (D:11)
  Sonja (D:10)
  An orc knight (Bailey)
  2 cyclopes (D:11)
  3 trolls
  3 meliai (D:11)
  7 slime creatures (D:12)
  10 yaks
  A water elemental (D:11)
  A vampire (D:12)
  3 steam dragons (D:9)
  Menkaure (D:7)
  A vampire mosquito (D:12)
  Duvessa (D:6)
  13 orc warriors
  2 ice beasts
  A sky beast (D:7)
  A black bear (D:8)
  2 wolves (D:11)
  An ogre (D:5)
  9 centaurs
  A kobold brigand (Sewer)
  3 bullfrogs
  2 wyvern skeletons (D:7)
  Dowan (D:6)
  7 wights
  2 electric eels
  A howler monkey (D:8)
  A bullfrog zombie (D:6)
  6 orc priests
  A bullfrog skeleton (D:6)
  3 gnoll shamans
  7 hounds
  2 jellies
  Terence (D:2)
  3 orc wizards (D:11)
  3 iguanas
  A killer bee zombie (D:6)
  A hound skeleton (D:5)
  2 howler monkey skeletons
  29 gnolls
  10 adders
  A shadow imp (D:6)
  3 white imps
  4 worms
  44 orcs
  7 ball pythons
  3 bats
  6 endoplasms
  6 giant cockroaches
  19 goblins
  9 hobgoblins
  5 jackals
  4 quokkas
  3 frilled lizards
  15 kobolds
  14 rats
297 creatures vanquished.

Vanquished Creatures (collateral kills)
  A two-headed ogre (D:10)
  2 centaur zombies (D:11)
  An unseen horror (D:11)
  2 gargoyles (D:11)
  A troll (D:11)
  2 slime creatures (D:12)
  A shadow (D:11)
  A water elemental (D:11)
  A yak (D:12)
  2 vampire mosquitoes (D:12)
  2 orc warriors
  3 wights
  A hound (D:11)
  An orc priest (D:8)
  A bullfrog skeleton (D:7)
  A centaur skeleton (D:7)
  A howler monkey zombie (D:10)
  2 gnolls (Bailey)
  12 orcs
  4 goblins (Bailey)
  A hobgoblin (Bailey)
43 creatures vanquished.

Vanquished Creatures (others)
  5 battlemagi
  10 ancestors
  545 foxfires
560 creatures vanquished.

Grand Total: 900 creatures vanquished

Notes
Turn   | Place    | Note
-------+----------+-------------------------------------------
     0 | D:1      | dickylongcocking the Djinni Wanderer began the quest for
                  | the Orb.
     0 | D:1      | Reached XP level 1. HP: 20/20 MP: 0/0
   101 | D:1      | Reached XP level 2. HP: 25/25 MP: 0/0
   512 | D:1      | Reached XP level 3. HP: 31/31 MP: 0/0
   512 | D:1      | Learned a level 1 spell: Freeze
   611 | D:1      | Reached skill level 1 in Spellcasting
  1179 | D:2      | Noticed Terence
  1210 | D:2      | Killed Terence
  1211 | D:2      | Reached XP level 4. HP: 26/37 MP: 0/0
  2319 | D:3      | Reached XP level 5. HP: 38/41 MP: 0/0
  2319 | D:3      | Learned a level 2 spell: Poisonous Vapours
  2702 | D:3      | Found a glowing drain.
  2728 | Sewer    | Entered a sewer
  2834 | Sewer    | Noticed a kobold brigand
  2838 | Sewer    | Killed a kobold brigand
  2839 | Sewer    | Reached XP level 6. HP: 41/47 MP: 0/0
  2951 | Sewer    | Found a white marble altar of Elyvilon.
  4124 | D:4      | Reached XP level 7. HP: 33/52 MP: 0/0
  4124 | D:4      | Learned a level 2 spell: Static Discharge
  4955 | D:5      | Entered Level 5 of the Dungeon
  4989 | D:5      | Reached skill level 5 in Spellcasting
  5339 | D:5      | Reached XP level 8. HP: 55/58 MP: 0/0
  5936 | D:5      | Found a staircase to the Ecumenical Temple.
  6019 | Temple   | Entered the Ecumenical Temple
  6183 | Temple   | Became a worshipper of Hepliaklqana the Forgotten
  6322 | D:6      | HP: 1/58 [orc priest (4)]
  6326 | D:6      | Gained mutation: You have a pair of small horns on your
                  | head. [potion of mutation]
  6701 | D:6      | Noticed Duvessa
  6701 | D:6      | Noticed Dowan
  6708 | D:6      | Killed Duvessa
  6708 | D:6      | Killed Dowan
  7002 | D:6      | Found a burning altar of Makhleb.
  7148 | D:6      | Found Metzixt's General Store.
  7153 | D:6      | Bought a potion of heal wounds for 55 gold pieces
  7686 | D:7      | Reached skill level 1 in Armour
  7686 | D:7      | Reached skill level 1 in Dodging
  7686 | D:7      | Reached XP level 9. HP: 61/63 MP: 0/0
  7686 | D:7      | Learned a level 3 spell: Lesser Beckoning
  7800 | D:7      | Found a shadowy altar of Dithmenos.
  7804 | D:7      | Found a snail-covered altar of Cheibriados.
  7811 | D:7      | Noticed Menkaure
  7813 | D:7      | Found a white marble altar of Elyvilon.
  7829 | D:7      | Killed Menkaure
  7830 | D:7      | Reached skill level 5 in Fighting
  8131 | D:7      | Reached * piety under Hepliaklqana
  8141 | D:7      | Found a snail-covered altar of Cheibriados.
  8147 | D:7      | Found Cheibriados's Comfort Zone.
  8300 | D:7      | Noticed a troll
  8311 | D:7      | Killed a troll
  8768 | D:7      | Identified a scroll of acquirement
  8769 | D:7      | Acquired the +1 pair of gloves of the Realm of Zot {Contam
                  | Rampage rC++ Dex+2}
  9087 | D:7      | Found an opulent altar of Gozag.
  9944 | D:8      | Reached skill level 5 in Dodging
  9990 | D:8      | Reached XP level 10. HP: 62/65 MP: 0/0
 10308 | D:8      | Reached ** piety under Hepliaklqana
 10503 | D:9      | Reached skill level 5 in Armour
 11280 | D:10     | Entered Level 10 of the Dungeon
 11409 | D:10     | Reached *** piety under Hepliaklqana
 11623 | D:10     | Noticed a two-headed ogre
 11636 | D:10     | Killed a two-headed ogre
 11789 | D:10     | Noticed Sonja
 11794 | D:10     | Killed Sonja
 11795 | D:10     | Reached XP level 11. HP: 68/73 MP: 0/0
 11795 | D:10     | Learned a level 4 spell: Sticky Flame
 11961 | D:11     | Noticed a cyclops
 11970 | D:11     | Killed a cyclops
 11981 | D:11     | Found Qalas's Weapon Shoppe.
 12070 | D:11     | Found a flagged portal.
 12081 | Bailey   | Entered a bailey
 12294 | Bailey   | Noticed an orc warlord
 12302 | Bailey   | Remembered your ancestor Sextus as a battlemage
 12350 | Bailey   | Noticed an orc knight
 12367 | Bailey   | Killed an orc knight
 12386 | Bailey   | Killed an orc warlord
 12596 | D:11     | Reached **** piety under Hepliaklqana
 12606 | D:11     | Noticed Snorg
 12614 | D:11     | Killed Snorg
 12685 | D:11     | Reached skill level 10 in Fighting
 12685 | D:11     | Reached XP level 12. HP: 37/81 MP: 0/0
 12899 | D:11     | Found a staircase to the Lair.
 12919 | D:11     | Reached skill level 10 in Dodging
 13132 | D:11     | Noticed a boulder beetle
 13136 | D:11     | Killed a boulder beetle
 13190 | D:11     | Found a staircase to the Orcish Mines.
 14001 | D:12     | Found Tyeg's Distillery.
 14011 | D:12     | Annihilated by a very large slime creature

Illustrated notes

Levels and vault maps discovered:
D:1:      tarquinn_simple_flora_water_b, layout_loops_ring,
          minmay_rat_gold_closets
D:2:      mumra_celtic_spiral_tile, layout_basic, uniq_terence,
          uniq_crazy_yiuf_cottage
D:3:      layout_basic, cheibrodos_sewer_entry_bend, st_stairs_1,
          nicolae_underground_beach
D:4:      layout_basic
D:5:      layout_basic, minmay_temple_entry_purple_smoke
D:6:      layout_loops_ring, lemuel_tele_altar, serial_shops, shop, uniq_duvessa
D:7:      layout_basic, grunt_gozag_breadcrumbs, minitemple, minmay_shop_chei,
          uniq_menkaure
D:8:      layout_loops_cross, minmay_statues_item,
          chequers_serial_rivers_large_b
D:9:      layout_irregular_city, minmay_door_square, minmay_crystal_water
D:10:     layout_irregular_city, uniq_sonja
D:11:     layout_roguey, erik_lair_island, hiddenorc2_lemuel, serial_shops,
          nicolae_inconvenience_store, enter_bailey_5, uniq_snorg
D:12:     layout_roguey, serial_shops, nicolae_stop_n_shop_2, uniq_erolcha
Temple:   eino_temple_scatter_basement

Skill      XL: |  1  2  3  4  5  6  7  8  9 10 11 12 |
---------------+-------------------------------------+-----
Spellcasting   | 1 2 3 4 5 7 8 9 |  9.7
Fighting       | 4 6 8 10 11 | 11.1
Armour         | 1 4 6 |  6.0
Dodging        | 1 5 7 9 11 | 11.0
Axes           | |  1.5
Crossbows      | |  2.4
Stealth        | |  1.0
Evocations     | |  1.0

Action                   |  1- 3 |  4- 6 |  7- 9 | 10-12 || total
-------------------------+-------+-------+-------+-------++-------
Melee: Staff             |       |     4 |    25 |    23 ||    52
       Headbutt          |       |       |     5 |     5 ||    10
 Fire: Hand crossbow     |    41 |       |       |       ||    41
 Cast: Foxfire           |    12 |    79 |   170 |    95 ||   356
       Sting             |     5 |     6 |    11 |     8 ||    30
       Ignite Poison     |       |     3 |    15 |    39 ||    57
       Poisonous Vapours |       |    22 |    35 |    95 ||   152
       Inner Flame       |       |     3 |     7 |    24 ||    34
       Static Discharge  |       |       |     6 |       ||     6
       Sticky Flame      |       |       |       |    40 ||    40
       Lesser Beckoning  |       |       |       |     5 ||     5
Invok: Recall Ancestor   |       |       |       |     2 ||     2
       Ancestor Life: Ba |       |       |       |     1 ||     1
Evoke: Wand              |       |       |     1 |     5 ||     6
  Use: Potion            |       |       |    13 |     1 ||    14
       Scroll            |       |       |     7 |    12 ||    19
Armor: Robe              |     6 |     6 |     1 |       ||    13
       Leather armour    |       |       |    13 |     1 ||    14
       Ring mail         |       |       |       |     4 ||     4
       Troll leather arm |       |       |       |    38 ||    38
Dodge: Dodged            |     4 |    19 |    57 |   155 ||   235

Table legend: (Time is in decaauts)
 A = Elapsed time spent in this place.
 B = Non-inter-level travel time spent in this place.
 C = Inter-level travel time spent in this place.
 D = Time resting spent in this place.
 E = Time spent auto-exploring this place.
 F = Levels seen in this place.
 G = Mean time per level.
                   A        B        C        D        E       F      G
               +--------+--------+--------+--------+--------+-----+--------+
         Total |  14014 |  13711 |    303 |    942 |  10374 |  15 |  934.3 |
       Dungeon |  13097 |  12811 |    286 |    892 |   9914 |  12 | 1091.4 |
        Temple |    181 |    165 |     16 |      0 |    134 |   1 |  181.0 |
         Sewer |    257 |    257 |      0 |      0 |    203 |   1 |  257.0 |
        Bailey |    478 |    478 |      0 |     50 |    123 |   1 |  478.0 |
               +--------+--------+--------+--------+--------+-----+--------+

Top non-repeatable levels by time:
     D:7: 1800 daAuts
     D:2: 1573 daAuts
     D:6: 1300 daAuts
     D:3: 1295 daAuts
     D:8: 1168 daAuts
     D:4: 1088 daAuts
     D:5: 1073 daAuts
    D:11: 998 daAuts
     D:9: 782 daAuts
     D:1: 757 daAuts
    D:10: 696 daAuts
    D:12: 560 daAuts
  Bailey: 478 daAuts
   Sewer: 257 daAuts
  Temple: 181 daAuts
